 Dungeon Crawl Stone Soup version 0.19.4 (webtiles) character file.

77 Gargoyl the Skirmisher (level 4, -3/39 (40) HPs)
             Began as a Ghoul Abyssal Knight on Feb 4, 2017.
             Was a Follower of Lugonu.
             Slain by a gnoll
             ... wielding a +0 club
              (4 damage)
             ... on level 2 of the Dungeon.
             The game lasted 00:04:08 (2016 turns).

Gargoyl the Skirmisher (Ghoul Abyssal Knight)       Turns: 2016, Time: 00:04:09

HP:   -3/39 (40)    AC:  3    Str: 15    XL:     4   Next: 33%
MP:   4/4           EV: 11    Int:  7    God:    Lugonu [*.....]
Gold: 147           SH:  0    Dex:  9    Spells: 0 memorised, 3 levels left

rFire  . . .     SeeInvis .     r - +1 spear (vamp)
rCold  + . .     Gourm    .     b - +0 leather armour
rNeg   + + +     Faith    .     (no shield)
rPois  ∞         Spirit   .     (no helmet)
rElec  .         Reflect  .     (no cloak)
rCorr  +         Harm     .     (no gloves)
MR     .....                    (no boots)
Stlth  +.........               (no amulet)
                                (no ring)
                                j - ring of resist corrosion

@: rotting
A: rotting body, claws 1, carnivore 3, cold resistance 1, negative energy
resistance 3, slow regeneration 1, torment resistance, unbreathing
a: Depart the Abyss, Renounce Religion


You were on level 2 of the Dungeon.
You worshipped Lugonu.
Lugonu was aware of your devotion.
You were not hungry.

You visited 1 branch of the dungeon, and saw 2 of its levels.
You visited the Abyss 1 time.

You collected 147 gold pieces.

Inventory:

Hand Weapons
 a - a +1 hand axe
 d - a +0 war axe
 r - a +1 vampiric spear (weapon)
Armour
 b - a +0 leather armour (worn)
Jewellery
 j - a ring of resist corrosion (left claw)
Scrolls
 e - a scroll of noise {unknown}
 i - a scroll of magic mapping {unknown}
 l - a scroll of identify
 m - a scroll of amnesia {unknown}
 n - a scroll of enchant armour {unknown}
Potions
 f - a potion of curing {unknown}
 g - a potion of heal wounds {unknown}
 o - a potion of flight {unknown}
 p - 2 potions of mutation {unknown}
Comestibles
 c - 3 meat rations
 h - a royal jelly
 k - a beef jerky


   Skills:
 + Level 4.1 Fighting
 + Level 2.8 Axes
 + Level 2.1 Armour
 + Level 1.5 Dodging
 + Level 0.2 Stealth
 + Level 2.0 Invocations


You had 3 spell levels left.
You didn't know any spells.

Dungeon Overview and Level Annotations

Branches:
Dungeon (2/15)

Altars:


Innate Abilities, Weirdness & Mutations

Your body is rotting away.
You thrive on raw meat.
You are immune to poison.
You have sharp fingernails.
You are carnivorous and can eat meat at any time.
Your flesh is cold resistant. (rC+)
You are immune to negative energy. (rN+++)
You regenerate slowly when monsters are visible.
You are immune to unholy pain and torment.
You can survive without breathing.


Message History

r - a +1 vampiric spear (weapon)
There is a stone staircase leading down here.
You start resting.
You feel your flesh rotting away.
You start resting.
HP restored.
You climb downwards.
The rat bites you. The gnoll barely misses you.
There is a stone staircase leading up here.
You barely miss the gnoll. The rat bites you. The gnoll barely misses you.
You barely miss the gnoll. The rat bites you.
You completely miss the gnoll. The rat bites you.
The gnoll hits you with a club! The gnoll hits you with a spear!
You hit the gnoll but do no damage. The rat bites you but does no damage.
The gnoll hits you with a club. The gnoll hits you with a spear.
* * * LOW HITPOINT WARNING * * *
You barely miss the gnoll. The rat bites you but does no damage.
The gnoll hits you with a spear!
* * * LOW HITPOINT WARNING * * *
The gnoll hits you with a club.
You die...

##.......##.##..#.#
#...........###.#.#
#.................#
#.............#.###
#..........##.#.#
#..........##.#.#
.....##....##.#.#
.....##....##.#.#########
#....##....##.#g@r......#
#....##....##.#g#)..###.#
###'####'####.#.#.......#
....# #.# #.#.#.#.#####
##### #.####.#.###.#
#.##.........#
#.######.###.# #.#
#.####### #.# #.#gr...#


You could see 2 gnolls and a rat.

Vanquished Creatures
  3 gnolls (D:1)
  2 worms
  2 leopard geckos (D:1)
  2 giant cockroaches
  4 goblins
  6 hobgoblins
  2 jackals (D:1)
  A ball python (D:1)
  4 bats (D:1)
  A frilled lizard (D:1)
  8 kobolds
  3 rats (D:1)
38 creatures vanquished.

Vanquished Creatures (others)
  A lurking horror (Abyss:2)
1 creature vanquished.

Grand Total: 39 creatures vanquished

Notes
Turn   | Place    | Note
-------+----------+-------------------------------------------
     0 | Abyss:1  | Gargoyl the Ghoul Abyssal Knight began the quest for the Orb.
     0 | Abyss:1  | Reached XP level 1. HP: 19/19 MP: 1/1
   107 | Abyss:2  | Noticed a small abomination
   120 | D:1      | Escaped the Abyss
   303 | D:1      | Reached skill level 1 in Dodging
   335 | D:1      | Reached XP level 2. HP: 24/26 MP: 2/2
   395 | D:1      | Reached * piety under Lugonu
   511 | D:1      | Reached skill level 4 in Fighting
   511 | D:1      | Reached XP level 3. HP: 23/33 MP: 3/3
  1622 | D:1      | Reached XP level 4. HP: 22/40 MP: 4/4
  2016 | D:2      | HP: 1/39 [gnoll/spear (10)]
  2016 | D:2      | Slain by a gnoll

Skill      XL: |  1  2  3  4 |
---------------+-------------+-----
Dodging        | 1 |  1.5
Axes           | 2 |  2.8
Fighting       | 4 |  4.1
Armour         | 2 |  2.1
Stealth        | |  0.2
Invocations    | |  2.0

Action                   |  1- 3 |  4- 6 || total
-------------------------+-------+-------++-------
Melee: War axe           |   140 |    10 ||   150
       Hand axe          |     1 |       ||     1
       Spear             |       |     5 ||     5
Invok: Depart the Abyss  |     1 |       ||     1
  Use: Scroll            |     4 |       ||     4
  Eat: Chunk             |    22 |     3 ||    25
Armor: Leather armour    |    42 |     3 ||    45
Dodge: Dodged            |   120 |    11 ||   131
